 Dungeon Crawl Stone Soup version 0.19.0-19-g8c6edcc (console) character file.

94556 sorlin the Bludgeoner (level 16, -2/122 HPs)
             Began as a Human Wanderer on Nov 12, 2016.
             Was the Champion of Dithmenos.
             Slain by a battleaxe of electrocution (23 damage)
             ... on level 2 of the Orcish Mines.
             The game lasted 03:00:26 (52158 turns).

sorlin the Bludgeoner (Human Wanderer)             Turns: 52158, Time: 03:00:27

Health: -2/122     AC: 17    Str: 17    XL:     16   Next: 60%
Magic:  22/22      EV: 13    Int: 15    God:    Dithmenos [******]
Gold:   917        SH:  0    Dex: 17    Spells: 3 memorised, 10 levels left

rFire  . . .     SeeInvis .     a - +1 morningstar (crush)
rCold  + . .     Gourm    .     S - +0 scale mail
rNeg   . . .     Faith    +     (no shield)
rPois  .         Spirit   .     t - +2 helmet
rElec  .         Reflect  .     m - +1 cloak {rC+}
rCorr  .         Harm     .     r - +0 pair of gloves
MR     ++...                    L - +2 pair of boots
Stlth  ..........               o - amulet of faith {!P}
                                e - ring of protection from magic
                                d - +4 ring of dexterity

@: wreathed by umbra, heavily drained
A: no striking features
a: Shadow Step, Shadow Form, Renounce Religion


You were on level 2 of the Orcish Mines.
You worshipped Dithmenos.
Dithmenos was exalted by your worship.
You were not hungry.

You visited 4 branches of the dungeon, and saw 21 of its levels.
You also visited: Sewer and Ice Cave.

You collected 2775 gold pieces.
You spent 1858 gold pieces at shops.


   Skills:
 - Level 10.0(8.0) Fighting
   Level 3.0(1.3) Short Blades
 + Level 17.0(14.7) Maces & Flails
 + Level 12.4(10.2) Bows
 - Level 8.0(6.1) Armour
 - Level 8.0(6.1) Dodging
 - Level 2.0(0.4) Stealth
 - Level 9.0(7.0) Translocations
 - Level 8.0(6.1) Invocations


You had 10 spell levels left.
You knew the following spells:

 Your Spells              Type           Power        Failure   Level  Hunger
a - Summon Butterflies    Summ           #.......     80%         1    ##.....
b - Blink                 Tloc           N/A          10%         2    ###....
z - Repel Missiles        Chrm/Air       #.....       94%         2    ###....

Inventory:

Hand Weapons
 a - a +1 morningstar of crushing (weapon)
   (You took it off an orc on level 6 of the Dungeon)
 b - a +0 shortbow
 N - a +2 great mace of draining
   (You bought it in a shop on level 10 of the Dungeon)
Missiles
 l - 584 stones (quivered)
 I - 120 arrows
 K - 3 throwing nets
Armour
 m - a +1 cloak of cold resistance (worn)
   (You found it in an ice cave)
 r - a +0 pair of gloves (worn)
 t - a +2 helmet (worn)
 L - a +2 pair of boots (worn)
 S - a +0 scale mail (worn)
Jewellery
 d - a +4 ring of dexterity (left hand)
 e - a ring of protection from magic (right hand)
 k - a +5 ring of intelligence
 n - an uncursed amulet of regeneration
 o - an amulet of faith (around neck) {!P}
 s - a +3 ring of strength
 O - an uncursed ring of poison resistance
Wands
 i - a wand of slowing (8/48)
 j - a wand of confusion (21/48)
 y - a wand of iceblast (7/15)
 A - a wand of digging (4/24)
 E - a wand of enslavement (17/24)
 P - a wand of disintegration (15/24)
 U - a wand of lightning (8/15)
Scrolls
 g - 5 scrolls of enchant weapon
 h - a scroll of magic mapping {unknown}
 p - 3 scrolls of enchant armour
 u - 2 scrolls of fog
 v - 7 scrolls of remove curse
 w - a scroll of brand weapon
 z - a scroll of holy word {unknown}
 F - a scroll of silence {!r}
 R - a scroll of blinking
Potions
 c - 7 potions of flight
 q - a potion of berserk rage {unknown}
 x - 7 potions of brilliance {!q}
 B - 2 potions of agility {!q}
 C - 2 potions of curing
 D - 2 potions of heal wounds {!q}
 G - a potion of magic {!q}
 H - a potion of haste {!q}
 J - a potion of might {!q}
 M - 3 potions of cure mutation {!q}
Comestibles
 f - 8 bread rations {!e}
 Q - 8 fruits


Message History

You barely miss the battleaxe of electrocution.
The battleaxe of electrocution is heavily damaged.
You hit the battleaxe of electrocution but do no damage.
The battleaxe of electrocution is heavily damaged.
The battleaxe of electrocution hits you but does no damage.
Your scale mail prevents you from hitting the battleaxe of electrocution.
The battleaxe of electrocution is heavily damaged.
The battleaxe of electrocution hits you!
You take 9 damage.
You barely miss the battleaxe of electrocution.
The battleaxe of electrocution is heavily damaged.
The battleaxe of electrocution hits you!
You take 17 damage.
You hit the battleaxe of electrocution.
The battleaxe of electrocution is severely damaged.
You miss the battleaxe of electrocution.
The battleaxe of electrocution is severely damaged.
The battleaxe of electrocution hits you!
You take 9 damage.
You hit the battleaxe of electrocution but do no damage.
The battleaxe of electrocution is severely damaged.
The battleaxe of electrocution closely misses you.
You miss the battleaxe of electrocution.
The battleaxe of electrocution is severely damaged.
You miss the battleaxe of electrocution.
The battleaxe of electrocution is severely damaged.
The battleaxe of electrocution closely misses you.
You closely miss the battleaxe of electrocution.
The battleaxe of electrocution is severely damaged.
The battleaxe of electrocution hits you!
* * * LOW HITPOINT WARNING * * *
You take 16 damage.
You miss the battleaxe of electrocution.
The battleaxe of electrocution is severely damaged.
You closely miss the battleaxe of electrocution.
The battleaxe of electrocution is severely damaged.
The battleaxe of electrocution hits you!!
* * * LOW HITPOINT WARNING * * *
You take 19 damage.
You hit the battleaxe of electrocution.
The battleaxe of electrocution is severely damaged.
The battleaxe of electrocution hits you!
* * * LOW HITPOINT WARNING * * *
You are electrocuted!
* * * LOW HITPOINT WARNING * * *
You take 28 damage.
Really quaff
D - 3 potions of heal wounds {!q}?
You feel much better.
The battleaxe of electrocution hits you!!
You die...

....#.._......##.........^...##
#..##.........................#
#####.................#......##
...#...#...........#.....#
.......#.................#
............<......#....##
▒▒▒.....#..)............# .
▒▒...#................# #.▒
▒▒.###......▒+▒▒▒...## #.▒
▒.###......▒ ▒....# ..+
▒.#.#.@(...▒ ▒...## ..▒
▒.....()...▒ ▒.### ..▒▒
▒...#...##.▒▒▒▒▒.# ...▒▒
▒..##.............# ....▒▒▒▒▒..
##........#### ..........
#.).##....# .....####
###†.####.## ......#.####.†...#
### .........#).....##
.8........(....##
....#.#....#.###


You could see a battleaxe of electrocution.

Vanquished Creatures
  A stone giant (D:12)
  A dire elephant (Lair:5)
  The ghost of Shard1697 the Severer, a journeyman DsGl of Ru (Lair:6)
  A fire dragon (Lair:6)
  Josephine (D:12)
  Fannar (D:12)
  A naga warrior (Snake:1)
  7 hydras
  An anaconda (Lair:5)
  2 ogre magi (Orc:2)
  7 death yaks
  Nergalle (Orc:1)
  A sea snake (Lair:3)
  2 hill giants
  An orc knight (D:12)
  The ghost of funes the Basher, a novice GrBe of Trog (D:6)
  A lindwurm (Lair:6)
  A mana viper (Lair:3)
  2 manticores
  An orc sorcerer (Orc:1)
  3 ugly things
  10 elephants
  3 centaur zombies
  Joseph (D:9)
  17 black mambas
  2 ice statues (IceCv)
  A gargoyle (D:11)
  A torpor snail (Lair:4)
  21 spiny frogs
  3 molten gargoyles (Lair:6)
  3 rime drakes
  18 komodo dragons
  11 ice devils (IceCv)
  3 polar bears (Lair:6)
  3 meliai (Lair:4)
  4 trolls
  A hornet (D:12)
  A queen bee (Lair:4)
  Prince Ribbit (D:8)
  6 slime creatures (D:12)
  8 two-headed ogres
  18 blink frogs
  7 hippogriffs
  9 dream sheep
  A shadow (D:12)
  3 wyverns
  6 wraiths
  7 basilisks
  A steam dragon (Lair:6)
  74 yaks
  3 hungry ghosts
  3 insubstantial wisps
  Menkaure (D:4)
  3 wargs
  3 nagas (Lair:3)
  6 hell hounds (Lair:6)
  26 water moccasins
  13 porcupines
  4 sky beasts
  A swamp drake (D:9)
  10 ice beasts
  3 black bears
  15 orc warriors
  An eye of draining (D:10)
  18 ogres
  8 phantoms
  4 necrophages
  18 wolves
  8 centaurs
  20 crocodiles
  A big kobold (D:11)
  30 bullfrogs
  Blork the orc (D:4)
  A wyvern zombie (D:9)
  A gnoll sergeant (D:11)
  2 troll zombies (D:12)
  7 scorpions
  42 killer bees
  2 wights (D:8)
  7 howler monkeys
  An electric eel (Lair:1)
  3 lava snakes (Lair:6)
  2 crimson imps
  A quasit (D:9)
  11 hounds
  4 jellies
  11 orc priests
  A bullfrog skeleton (D:9)
  2 centaur skeletons
  7 iguanas
  15 worker ants
  19 orc wizards
  7 hell rats (Lair:4)
  A statue (D:7)
  A killer bee zombie (D:7)
  6 ogre zombies (D:12)
  A hound zombie (D:6)
  3 hound skeletons
  A howler monkey zombie (D:7)
  A worker ant zombie (D:11)
  Robin (D:2)
  A howler monkey skeleton (D:5)
  9 gnolls
  14 adders
  8 river rats (Sewer)
  2 shadow imps
  8 white imps (IceCv)
  4 ufetubi (IceCv)
  5 oozes
  2 adder skeletons
  A worm (D:3)
  4 dart slugs
  8 leopard geckos
  93 orcs
  5 bats
  2 giant cockroaches
  23 goblins
  16 hobgoblins
  7 jackals
  29 kobolds
  7 quokkas
  5 ball pythons (Sewer)
  6 frilled lizards
  3 goblin skeletons (D:12)
  A goblin zombie (D:12)
  3 hobgoblin zombies (D:12)
  18 orc zombies (D:12)
  24 rats
951 creatures vanquished.

Vanquished Creatures (others)
  3 white imps (IceCv)
  2 ufetubi (IceCv)
  35 bushes (Lair:6)
  72 fungi
  41 plants
153 creatures vanquished.

Grand Total: 1104 creatures vanquished

Notes
Turn   | Place    | Note
-------+----------+-------------------------------------------
     0 | D:1      | sorlin the Human Wanderer began the quest for the Orb.
     0 | D:1      | sorlin set off with: a +2 dagger, a potion of heal wounds {!q}, a potion of curing, a scroll of teleportation {!r}, a +0 robe, a bread ration {!e}
     0 | D:1      | Reached XP level 1. HP: 18/18 MP: 1/1
   136 | D:1      | Reached XP level 2. HP: 21/24 MP: 2/2
   465 | D:1      | Reached skill level 4 in Fighting
   465 | D:1      | Reached XP level 3. HP: 16/30 MP: 3/3
   819 | D:2      | Reached skill level 1 in Maces & Flails
  1089 | D:2      | Found a shadowy altar of Dithmenos.
  1105 | D:2      | Became a worshipper of Dithmenos the Shadowed
  1114 | D:2      | Found a snail-covered altar of Cheibriados.
  1205 | D:2      | Reached skill level 2 in Maces & Flails
  1205 | D:2      | Reached XP level 4. HP: 21/37 MP: 4/4
  1512 | D:2      | Reached * piety under Dithmenos
  1519 | D:2      | Noticed Robin
  1550 | D:2      | Killed Robin
  1550 | D:2      | Reached skill level 3 in Maces & Flails
  1775 | D:2      | Reached XP level 5. HP: 39/42 MP: 5/5
  1782 | D:2      | HP: 1/42 [gnoll/halberd (14)]
  2204 | D:3      | Reached skill level 4 in Maces & Flails
  2385 | D:3      | Reached ** piety under Dithmenos
  2452 | D:3      | Noticed an ice beast
  2532 | D:3      | Reached XP level 6. HP: 43/48 MP: 6/6
  2867 | D:3      | HP: 14/48 [poisoned by an adder]
  2875 | D:3      | HP: 14/48 [poisoned by an adder]
  2940 | D:3      | Reached skill level 5 in Maces & Flails
  3149 | D:3      | Found a burning altar of Makhleb.
  3217 | D:3      | Found a shimmering altar of Xom.
  3640 | D:4      | Noticed Blork the orc
  3960 | D:4      | Noticed Menkaure
  3989 | D:4      | Found Peoku's Distillery.
  3999 | D:4      | Bought a potion of might for 48 gold pieces
  3999 | D:4      | Bought a potion of agility for 48 gold pieces
  3999 | D:4      | Bought a potion of degeneration for 12 gold pieces
  4301 | D:4      | Noticed a phantom
  4352 | D:4      | Killed a phantom
  4352 | D:4      | Reached skill level 6 in Maces & Flails
  4352 | D:4      | Reached XP level 7. HP: 26/54 MP: 7/7
  4356 | D:5      | Entered Level 5 of the Dungeon
  4785 | D:5      | Reached *** piety under Dithmenos
  4998 | D:5      | Reached skill level 7 in Maces & Flails
  5195 | D:5      | Reached skill level 8 in Maces & Flails
  5195 | D:5      | Reached XP level 8. HP: 60/60 MP: 8/8
  5424 | D:6      | Found a hide-covered altar of Uskayaw.
  5426 | D:6      | Noticed a hand axe
  5426 | D:6      | Noticed a hand axe
  5488 | D:6      | HP: 18/60 [poisoned by a worker ant]
  5585 | D:6      | Reached skill level 3 in Armour
  5606 | D:6      | Found a glowing drain.
  5615 | Sewer    | Entered a sewer
  5814 | Sewer    | Reached **** piety under Dithmenos
  6429 | D:6      | Reached skill level 4 in Armour
  6499 | D:6      | Found an ancient bone altar of Kikubaaqudgha.
  6693 | D:6      | Found a staircase to the Ecumenical Temple.
  6744 | D:6      | Noticed funes's ghost (novice GrBe)
  6768 | D:6      | Reached skill level 9 in Maces & Flails
  6768 | D:6      | Reached XP level 9. HP: 65/65 MP: 9/9
  6918 | D:6      | Reached skill level 5 in Armour
  6934 | D:6      | Reached ***** piety under Dithmenos
  6934 | D:6      | Reached skill level 1 in Dodging
  7206 | D:6      | Reached skill level 2 in Dodging
  7351 | D:7      | Upgraded the game from 0.19.0-18-g426998a to 0.19.0-19-g8c6edcc
  7395 | D:7      | Found a deep blue altar of Sif Muna.
  7411 | D:7      | Found a radiant altar of Vehumet.
  7529 | D:7      | Reached skill level 3 in Dodging
  7826 | D:7      | Got a smoking robe
  7997 | D:8      | Found Qamakk's Armour Shoppe.
  8004 | D:8      | Found a shattered altar of Ashenzari.
  8059 | D:8      | Bought a +0 cloak for 63 gold pieces
  8059 | D:8      | Bought a +1 pair of boots for 161 gold pieces
  8104 | D:8      | Reached skill level 10 in Maces & Flails
  8221 | D:8      | Reached skill level 4 in Dodging
  8383 | D:8      | Noticed Prince Ribbit
  8439 | D:8      | Killed Prince Ribbit
  8673 | D:8      | Found Fumool's Assorted Antiques.
  8688 | D:8      | Bought 3 scrolls labeled ULALEPN LOENN for 72 gold pieces
  8789 | D:8      | Reached XP level 10. HP: 70/71 MP: 10/10
  8907 | D:8      | Reached skill level 5 in Dodging
  9013 | D:9      | Noticed Joseph
  9042 | D:9      | Reached skill level 1 in Bows
  9060 | D:9      | HP: 17/71 [yak (10)]
  9103 | D:8      | HP: 12/71 [yak (14)]
  9446 | D:8      | Reached skill level 2 in Bows
  9473 | D:9      | Found a white marble altar of Elyvilon.
  9571 | D:8      | HP: 21/71 [poisoned by a killer bee]
  9576 | D:8      | HP: 19/71 [poisoned by a killer bee]
  9582 | D:8      | HP: 17/71 [poisoned by a killer bee]
  9587 | D:8      | HP: 16/71 [poisoned by a killer bee]
  9595 | D:8      | HP: 16/71 [poisoned by a killer bee]
  9680 | D:8      | Noticed a purple ugly thing
  9918 | D:9      | Reached skill level 11 in Maces & Flails
  9918 | D:9      | Reached skill level 3 in Bows
  9938 | D:9      | Found an opulent altar of Gozag.
 10074 | D:9      | HP: 16/71 [two-headed ogre/giant club (20)]
 10263 | D:8      | HP: 20/71 [killer bee (3)]
 10266 | D:8      | HP: 5/71 [killer bee (5)]
 10266 | D:8      | HP: 1/71 [killer bee (4)]
 10272 | D:8      | HP: 19/71 [killer bee (6)]
 10279 | D:8      | Reached skill level 4 in Bows
 10281 | D:8      | HP: 18/71 [killer bee (2)]
 10611 | D:8      | Bought a scroll labeled FAADEKHL PEAM for 24 gold pieces
 10695 | D:8      | Killed a purple ugly thing
 10787 | D:8      | HP: 19/71 [hornet (9)]
 10788 | D:8      | HP: 4/71 [hornet (6)]
 11128 | D:9      | Reached skill level 5 in Bows
 11447 | D:9      | Reached skill level 12 in Maces & Flails
 11447 | D:9      | Reached XP level 11. HP: 31/77 MP: 11/11
 11498 | D:9      | HP: 14/77 [yak (14)]
 11505 | D:9      | HP: 2/77 [yak (14)]
 11524 | D:9      | HP: 12/77 [Joseph/sling bullet (15)]
 11534 | D:8      | Reached skill level 6 in Bows
 11964 | D:9      | HP: 22/77 [crocodile (9)]
 11969 | D:9      | HP: 16/77 [crocodile (7)]
 12201 | D:9      | HP: 20/77 [Joseph/uncursed quarterstaff (9)]
 12212 | D:9      | HP: 6/77 [Joseph/uncursed quarterstaff (16)]
 12216 | D:9      | Killed Joseph
 12618 | D:9      | Noticed a hill giant
 12782 | D:9      | Reached ****** piety under Dithmenos
 13052 | D:9      | Reached skill level 7 in Bows
 13065 | D:9      | Found a hazy altar of Hepliaklqana.
 13300 | D:9      | Found a staircase to the Lair.
 13413 | D:10     | Entered Level 10 of the Dungeon
 13878 | D:10     | Got a warped spear {pierce}
 14038 | D:10     | Found Qilloafoi's Assorted Antiques.
 14045 | D:10     | Bought a potion of might for 80 gold pieces
 14045 | D:10     | Bought a fizzy inky potion for 18 gold pieces
 14045 | D:10     | Bought a scroll of teleportation for 60 gold pieces
 14045 | D:10     | Bought a scroll labeled UTUAXAJEGE for 20 gold pieces
 14249 | D:9      | Reached skill level 8 in Bows
 14463 | D:10     | Found Jeup's Antique Weapon Shoppe.
 14488 | D:10     | Reached skill level 13 in Maces & Flails
 15008 | Lair:1   | Entered Level 1 of the Lair of Beasts
 15523 | Lair:1   | HP: 21/77 [komodo dragon (23)]
 15527 | Lair:1   | HP: 7/77 [komodo dragon (15)]
 15986 | Lair:1   | Learned a level 1 spell: Summon Butterflies
 16180 | Lair:1   | Reached XP level 12. HP: 82/85 MP: 12/12
 16280 | Lair:1   | Reached skill level 5 in Fighting
 16469 | Lair:1   | HP: 23/86 [yak (13)]
 16531 | Lair:1   | HP: 21/86 [electric eel/bolt of electricity (8)]
 17136 | Lair:1   | HP: 23/86 [spiny frog (18)]
 17141 | Lair:1   | HP: 21/86 [poisoned by a spiny frog]
 17141 | Lair:1   | HP: 5/86 [spiny frog (16)]
 17642 | Lair:1   | Reached skill level 6 in Fighting
 17895 | Lair:1   | HP: 26/88 [poisoned by a spiny frog]
 17900 | Lair:1   | HP: 25/88 [poisoned by a spiny frog]
 17906 | Lair:1   | HP: 23/88 [poisoned by a spiny frog]
 17914 | Lair:1   | HP: 23/88 [poisoned by a spiny frog]
 17922 | Lair:1   | HP: 23/88 [poisoned by a spiny frog]
 18723 | D:4      | Bought a potion of heal wounds for 60 gold pieces
 18776 | D:4      | Killed Menkaure
 18776 | D:4      | Reached skill level 14 in Maces & Flails
 18788 | D:4      | Found a bloodstained altar of Trog.
 18868 | D:4      | Killed Blork the orc
 18882 | D:4      | Found a deep blue altar of Sif Muna.
 18986 | D:6      | HP: 23/89 [funes's ghost (10)]
 18987 | D:6      | Killed funes's ghost
 19504 | D:10     | Reached skill level 7 in Fighting
 20451 | D:11     | Reached skill level 1 in Invocations
 20676 | D:11     | Noticed a centaur warrior
 21006 | Lair:1   | Reached skill level 2 in Invocations
 21990 | Lair:2   | Noticed a six-headed hydra
 21990 | Lair:2   | Reached skill level 3 in Invocations
 22150 | Lair:2   | Reached skill level 8 in Fighting
 22170 | Lair:2   | HP: 27/92 [poisoned by a spiny frog]
 22175 | Lair:2   | HP: 25/92 [poisoned by a spiny frog]
 22180 | Lair:2   | HP: 24/92 [poisoned by a spiny frog]
 22187 | Lair:2   | HP: 24/92 [poisoned by a spiny frog]
 22195 | Lair:2   | HP: 24/92 [poisoned by a spiny frog]
 22666 | Lair:2   | HP: 27/92 [poisoned by a black mamba]
 22671 | Lair:2   | HP: 26/92 [poisoned by a black mamba]
 22677 | Lair:2   | HP: 24/92 [poisoned by a black mamba]
 22683 | Lair:2   | HP: 24/92 [poisoned by a black mamba]
 22691 | Lair:2   | HP: 24/92 [poisoned by a black mamba]
 23004 | Lair:2   | Reached XP level 13. HP: 97/98 MP: 15/15
 23478 | Lair:2   | Reached skill level 4 in Invocations
 24309 | Lair:1   | HP: 28/99 [yak (3)]
 24843 | Lair:2   | Reached skill level 5 in Invocations
 25428 | Lair:3   | Reached skill level 15 in Maces & Flails
 25436 | Lair:3   | Reached skill level 9 in Fighting
 25623 | Lair:3   | Found a staircase to the Snake Pit.
 25695 | Lair:3   | Learned a level 2 spell: Blink
 25701 | Lair:3   | Learned a level 2 spell: Repel Missiles
 25942 | Lair:3   | Reached skill level 1 in Translocations
 26100 | Lair:3   | Reached skill level 6 in Invocations
 26162 | Lair:4   | Found a staircase to the Swamp.
 26309 | Lair:4   | You fall through a shaft for 2 floors!
 26309 | Lair:6   | Entered Level 6 of the Lair of Beasts
 26309 | Lair:6   | Noticed a four-headed hydra
 26327 | Lair:6   | Identified a scroll of acquirement
 26377 | Lair:5   | Noticed a five-headed hydra
 26398 | Lair:5   | HP: 29/101 [black mamba (8)]
 26402 | Lair:5   | Reached skill level 2 in Translocations
 26405 | Lair:5   | HP: 26/101 [porcupine's spines (5)]
 26411 | Lair:5   | HP: 30/101 [five-headed hydra (9)]
 26484 | Lair:4   | HP: 29/101 [black mamba (15)]
 26661 | Lair:4   | HP: 28/101 [hell rat (13)]
 26696 | Lair:4   | HP: 20/101 [yak (13)]
 26702 | Lair:4   | HP: 27/101 [yak (2)]
 26709 | Lair:4   | HP: 20/101 [yak (1)]
 27111 | Lair:4   | HP: 26/101 [meliai/broad axe (10)]
 27120 | Lair:4   | HP: 30/101 [meliai/war axe (8)]
 27124 | Lair:4   | Reached skill level 3 in Translocations
 27600 | Lair:4   | Reached skill level 7 in Invocations
 28190 | Lair:4   | Reached skill level 4 in Translocations
 29053 | Lair:4   | Reached XP level 14. HP: 102/108 MP: 19/19
 29348 | Lair:5   | Reached skill level 8 in Invocations
 29812 | Lair:5   | Reached skill level 5 in Translocations
 30371 | Lair:5   | HP: 27/108 [black mamba (11)]
 30377 | Lair:5   | HP: 13/108 [poisoned by a black mamba]
 30382 | Lair:5   | HP: 12/108 [poisoned by a black mamba]
 30387 | Lair:5   | HP: 10/108 [poisoned by a black mamba]
 30394 | Lair:5   | HP: 9/108 [poisoned by a black mamba]
 30400 | Lair:5   | HP: 8/108 [poisoned by a black mamba]
 30409 | Lair:5   | HP: 7/108 [poisoned by a black mamba]
 30415 | Lair:5   | HP: 8/108 [poisoned by a black mamba]
 30421 | Lair:5   | HP: 8/108 [poisoned by a black mamba]
 30426 | Lair:5   | HP: 8/108 [poisoned by a black mamba]
 30495 | Lair:5   | HP: 26/108 [water moccasin (1)]
 31087 | Lair:5   | Reached skill level 6 in Translocations
 31641 | Lair:5   | Reached skill level 16 in Maces & Flails
 32412 | Lair:4   | Reached skill level 7 in Translocations
 33379 | Lair:2   | Reached skill level 6 in Armour
 34923 | Lair:5   | Reached skill level 8 in Translocations
 34966 | Lair:5   | Reached skill level 7 in Armour
 35832 | Lair:5   | Reached XP level 15. HP: 42/113 MP: 21/21
 36095 | Lair:6   | Noticed Shard1697's ghost (journeyman DsGl)
 36154 | Lair:5   | Reached skill level 8 in Armour
 36324 | Lair:6   | Reached skill level 9 in Translocations
 36930 | Lair:6   | Reached skill level 9 in Bows
 37108 | Lair:5   | HP: 19/114 [dream sheep (25)]
 37119 | Lair:5   | HP: 18/115 [dream sheep (2)]
 37124 | Lair:5   | HP: 19/115 [dream sheep (1)]
 37788 | Lair:6   | Found a runed door.
 37790 | Lair:6   | Found a viscous altar of Jiyva.
 37791 | Lair:6   | Found a staircase to the Slime Pits.
 38284 | Lair:5   | Reached skill level 10 in Fighting
 38850 | Lair:6   | Found a large runed door.
 38851 | Lair:6   | Found a large runed door.
 39299 | Lair:3   | Reached skill level 6 in Dodging
 39621 | D:11     | Reached skill level 10 in Bows
 40416 | D:12     | Found a staircase to the Orcish Mines.
 41468 | D:11     | Reached skill level 7 in Dodging
 41683 | Orc:1    | Entered Level 1 of the Orcish Mines
 41683 | Orc:1    | Found Inoenemn's Distillery.
 41683 | Orc:1    | Noticed a stone giant
 41984 | D:10     | Bought a runed great mace for 250 gold pieces
 42080 | D:8      | Bought a potion of agility for 96 gold pieces
 42080 | D:8      | Bought a potion of heal wounds for 120 gold pieces
 42080 | D:8      | Bought a potion of haste for 240 gold pieces
 42080 | D:8      | Bought a potion of might for 96 gold pieces
 42275 | Snake:1  | Entered Level 1 of the Snake Pit
 42859 | Snake:1  | Found a frozen archway.
 42866 | Snake:1  | Found Ihaupnup's Distillery.
 42868 | IceCv    | Entered an ice cave
 44455 | IceCv    | Noticed an Ice Fiend
 44748 | Lair:6   | Killed Shard1697's ghost
 45282 | Lair:6   | Reached skill level 11 in Bows
 45311 | Lair:6   | Reached XP level 16. HP: 64/122 MP: 22/22
 45432 | Lair:6   | Reached skill level 8 in Dodging
 47912 | Orc:1    | HP: 36/122 [burnt (10)]
 47916 | Orc:1    | HP: 16/122 [burnt (7)]
 47935 | Orc:1    | Noticed Fannar
 48308 | D:12     | Killed Fannar
 48336 | Orc:1    | Bought a potion of agility for 52 gold pieces
 48336 | Orc:1    | Bought a potion of haste for 130 gold pieces
 48336 | Orc:1    | Bought a potion of agility for 52 gold pieces
 48336 | Orc:1    | Bought a potion of might for 52 gold pieces
 48336 | Orc:1    | Bought a potion of heal wounds for 65 gold pieces
 48336 | Orc:1    | Bought a potion of curing for 39 gold pieces
 48397 | Orc:1    | HP: 36/122 [stone giant (30)]
 48596 | Orc:1    | Noticed Josephine
 48638 | D:12     | Killed Josephine
 48639 | D:12     | HP: 35/122 [wraith[Josephine] (8)]
 48644 | D:12     | HP: 25/122 [wraith[Josephine] (2)]
 48952 | D:12     | Reached skill level 12 in Bows
 49162 | Orc:1    | Noticed Nergalle
 49190 | Orc:1    | Killed Nergalle
 49660 | Orc:2    | Entered Level 2 of the Orcish Mines
 51366 | Orc:2    | Reached skill level 17 in Maces & Flails
 51903 | Orc:2    | Found a roughly hewn altar of Beogh.
 52086 | Orc:2    | Found Wofi's Food Shop.
 52086 | Orc:2    | Found a staircase to the Elven Halls.
 52156 | Orc:2    | HP: 35/122 [battleaxe of electrocution (19)]
 52157 | Orc:2    | HP: 7/122 [battleaxe of electrocution (17)]
 52158 | Orc:2    | Slain by a battleaxe of electrocution

Vault maps used:
D:1:      minmay_arrival_semitransparent
D:2:      kennysheep_big_flooded_room, kennysheep_slug_shrine, serial_aquarium,
          aquarium_bridge_square, aquarium_window_corner, aquarium_window_fake,
          aquarium_window_1, aquarium_window_fake, aquarium_view_2d,
          aquarium_balcony_3b, aquarium_pool_side,
          nicolae_dithmenos_through_a_glass_darkly, uniq_robin
D:3:      overflow_temple_1_default, makhleb_heckhound_becter, first_bread
D:4:      lightli_temple_of_fire, tgw_sif, serial_shops, nicolae_shop_crystal,
          uniq_menkaure
D:6:      kiku_gazebo_garden_becter, dancing_weapons_uskayaw, enter_ossuary_2,
          portal_sewer_entry_d
D:7:      vehumet_statue, basic_altar
D:8:      corexii_shack_village, kennysheep_mini, serial_shops,
          nicolae_shop_waterfront, nicolae_shop_statue_plus, grunt_ogre_cave,
          uniq_prince_ribbit1
D:9:      nicolae_gozag_seed_capital, kennysheep_mini_moat, erik_lair_dragon,
          basic_altar, st_stairs_13, uniq_joseph
D:10:     serial_shops, shop, kennysheep_small_circle
D:11:     st_stairs_14, minmay_orc_keep
D:12:     zombieorc2_lemuel
Lair:1:   beast_lair_carwin_2, grunt_megastairs_2, serial_bayou_shore_a
Lair:2:   serial_bayou_shore_b
Lair:3:   minmay_snake_entry_guardpost_large, minivault_11
Lair:4:   minmay_swamp_entry_wisps, grunt_megastairs_4
Lair:5:   beast_lair_carwin_large_4
Lair:6:   cheibrodos_lair_end_hotspot, slime_altar_2, minmay_hedge_maze
Snake:1:  portal_ice_cave_entry_pillars_2, serial_shops,
          nicolae_shop_waterfront, nicolae_shop_trees, nicolae_shop_waterfront,
          shop, shop, nicolae_snake_shapes
Orc:1:    serial_shops, shop, uniq_nergalle, uniq_josephine, uniq_fannar
Orc:2:    grunt_orc_community_town_hall, grunt_orc_community_big_house_1,
          grunt_orc_community_big_house_1, grunt_orc_community_house_1,
          grunt_orc_community_house_1, grunt_orc_community_house_2,
          grunt_orc_community_house_3, serial_shops, nicolae_shop_statue_plus,
          basic_altar
Sewer:    sewer_minmay_treatment
IceCv:    ice_cave_small_demon

Action                   |  1- 3 |  4- 6 |  7- 9 | 10-12 | 13-15 | 16-18 || total
-------------------------+-------+-------+-------+-------+-------+-------++-------
Melee: Dagger            |   136 |   237 |    54 |    12 |       |       ||   439
       Mace              |       |    21 |   431 |   329 |       |       ||   781
       Morningstar       |       |       |       |   610 |  1520 |   225 ||  2355
       Shortbow          |       |       |       |       |     2 |       ||     2
       Great mace        |       |       |       |       |   187 |   290 ||   477
 Fire: Shortbow          |       |       |       |   357 |   791 |   261 ||  1409
Throw: Stone             |     2 |    33 |    55 |    32 |     9 |     2 ||   133
 Cast: Repel Missiles    |       |       |       |       |     1 |       ||     1
       Blink             |       |       |       |       |    27 |     8 ||    35
Invok: Shadow Form       |       |       |       |       |     5 |     3 ||     8
Evoke: Wand              |       |     3 |       |     7 |    10 |       ||    20
  Use: Potion            |     1 |     1 |     2 |    18 |    12 |     3 ||    37
       Scroll            |       |       |     7 |    20 |    16 |       ||    43
 Stab: Sleeping          |     3 |     5 |     1 |       |       |       ||     9
       Invisible         |       |       |       |       |     5 |    11 ||    16
       Petrified         |       |       |       |       |     3 |       ||     3
       Petrifying        |       |       |       |       |     1 |       ||     1
  Eat: Chunk             |     1 |    10 |    15 |    27 |    14 |    14 ||    81
       Pizza             |       |       |     1 |       |       |       ||     1
       Meat ration       |       |       |       |     4 |     9 |     1 ||    14
       Royal jelly       |       |       |       |       |     6 |       ||     6
       Bread ration      |       |       |       |       |     1 |     1 ||     2
Armor: Leather armour    |    32 |    36 |     3 |       |       |       ||    71
       Ring mail         |       |       |   146 |   141 |       |       ||   287
       Scale mail        |       |       |       |   171 |   593 |   219 ||   983
Dodge: Dodged            |    54 |   135 |   332 |   667 |  1095 |   480 ||  2763
       Deflected         |       |       |       |       |     1 |       ||     1
